 Dungeon Crawl Stone Soup version 0.20.0 (webtiles) character file.

67 Llamajah the Shield-Bearer (level 4, 0/32 HPs)
             Began as a Formicid Fighter on July 24, 2017.
             Slain by Sigmund
             ... wielding a +1 scythe of distortion
              (19 damage)
             ... on level 2 of the Dungeon.
             The game lasted 00:03:11 (1251 turns).

Llamajah the Shield-Bearer (Formicid Fighter)       Turns: 1251, Time: 00:03:14

Health: 0/32       AC:  7    Str: 24    XL:     4   Next: 40%
Magic:  4/4        EV: 14    Int:  9    God:
Gold:   127        SH: 10    Dex: 15    Spells: 3/3 levels left

rFire    + . .     SeeInvis +   a - +0 war axe
rCold    + . .     Gourm    .   c - +0 shield
rNeg     . . .     Faith    .   b - +0 scale mail
rPois    +         Spirit   .   (helmet unavailable)
rElec    +         Reflect  .   (no cloak)
rCorr    +         Harm     .   (no gloves)
MR       .....                  (no boots)
Stlth    +.........             (no amulet)
Regen    0.1/turn               (no ring)
MPRegen  0.1/turn               (no ring)

@: agile, resistant
A: permanent stasis, dig shafts and tunnels, four strong arms, antennae 3,
clever 1, frail 1, strong 1
a: Dig, Shaft Self


You were on level 2 of the Dungeon.
You were not hungry.

You visited 1 branch of the dungeon, and saw 2 of its levels.

You collected 127 gold pieces.

Inventory:

Hand Weapons
 a - a +0 war axe (weapon)
 i - a +0 hunting sling
Missiles
 j - 42 sling bullets
Armour
 b - a +0 scale mail (worn)
 c - a +0 shield (worn)
Scrolls
 d - a scroll of noise {unknown}
 g - a scroll of magic mapping {unknown}
 l - a scroll of blinking {unknown}
 m - 6 scrolls of remove curse {unknown}
 n - 2 scrolls of identify {unknown}
 o - a scroll of recharging {unknown}
 p - a scroll of amnesia {unknown}
 q - a scroll of fear {unknown}
 s - a scroll of random uselessness {unknown}
Potions
 e - a potion of agility
 h - 2 potions of mutation
Comestibles
 f - a bread ration
 k - 2 chunks of flesh


   Skills:
 + Level 3.6 Fighting
 + Level 2.2 Axes
 + Level 0.7 Slings
 * Level 3.9 Armour
 * Level 1.3 Dodging
 * Level 4.2 Shields


You had 3 spell levels left.
You didn't know any spells.

Dungeon Overview and Level Annotations

Branches:
Dungeon (2/15)

Altars:
Dithmenos
Nemelex Xobeh

Annotations:
D:2 Sigmund


Innate Abilities, Weirdness & Mutations

You cannot be hasted, slowed, berserked, paralysed or teleported.
You can dig through walls and to a lower floor.
Your four strong arms can wield two-handed weapons with a shield.
You have a pair of large antennae on your head. (SInv)
Your mind is acute. (Int +2)
You are frail. (-10% HP)
Your muscles are strong. (Str +2)


Message History

You feel frail.
You feel clever.
You feel stronger.
You feel less confused.
The goblin shoots a stone.
The stone completely misses Sigmund.
The stone hits you but does no damage.
You feel agile all of a sudden. You block Sigmund's attack.
It was a potion of resistance.
You feel protected.
The goblin shoots a stone.
The stone hits Sigmund.
Sigmund hits you but does no damage.
You hit Sigmund but do no damage.
Sigmund is lightly wounded.
Sigmund barely misses you.
You closely miss Sigmund.
Sigmund is lightly wounded.
The goblin shoots a stone.
The stone hits Sigmund.
Sigmund hits you with a scythe of distortion.
Space warps horribly around you!
Ouch! That really hurt!
You die...

# #.#.. #((...###+## #. # #.##
#.(..........# #. #.#
#............+ #. #.#
##(((........########.
#.#######(##...(...##.......
#.....# #.##(......##.####..
#####.# #(g#......(##.# #.#
######....####@#.......##.####.#
#..........# #(@...††..##.#..#.#
#......)...####(###.#.###.#..#.#
#...................#.# #.#..#.#
#........†..........#.###.#..#.#
##...................#........#.#
.....................#.###†##.#..
............####..##.#.# #.....##
............#####.##.#[# #######
............#..........#


You could see Sigmund (invisible) and a goblin.

Vanquished Creatures
  A gnoll (D:1)
  2 adders (D:2)
  A worm (D:2)
  2 dart slugs
  5 giant cockroaches
  6 goblins
  A hobgoblin (D:2)
  2 jackals (D:1)
  3 bats
  A frilled lizard (D:2)
  4 kobolds
  4 rats
32 creatures vanquished.

Notes
Turn   | Place    | Note
-------+----------+-------------------------------------------
     0 | D:1      | Llamajah the Formicid Fighter began the quest for the Orb.
     0 | D:1      | Reached XP level 1. HP: 18/18 MP: 1/1
   148 | D:1      | Reached skill level 1 in Dodging
   148 | D:1      | Reached XP level 2. HP: 3/24 MP: 2/2
   449 | D:1      | Reached XP level 3. HP: 29/29 MP: 3/3
   812 | D:1      | Found a sparkling altar of Nemelex Xobeh.
   875 | D:2      | Reached skill level 4 in Shields
   954 | D:2      | Found a shadowy altar of Dithmenos.
  1007 | D:2      | Found a faded altar of an unknown god.
  1077 | D:2      | Reached XP level 4. HP: 30/36 MP: 4/4
  1221 | D:2      | Noticed Sigmund
  1247 | D:2      | Gained mutation: You are frail. (-10% HP) [potion of mutation]
  1247 | D:2      | Gained mutation: Your mind is acute. (Int +2) [potion of mutation]
  1247 | D:2      | Gained mutation: Your muscles are strong. (Str +2) [potion of mutation]
  1251 | D:2      | Slain by Sigmund

Skill      XL: |  1  2  3 |
---------------+----------+-----
Dodging        | 1 |  1.3
Shields        | 4 |  4.2
Fighting       | |  3.6
Axes           | |  2.2
Slings         | |  0.7
Armour         | |  3.9

Action                   |  1- 3 |  4- 6 || total
-------------------------+-------+-------++-------
Melee: War axe           |    70 |    27 ||    97
  Use: Potion            |     1 |     3 ||     4
  Eat: Chunk             |     1 |       ||     1
Armor: Scale mail        |    37 |    20 ||    57
Dodge: Dodged            |    23 |    14 ||    37
Block: Shield            |    56 |    28 ||    84
